 Dungeon Crawl Stone Soup version 0.24-a0-434-gd57e52fea8 (webtiles) character file.

Game seed: 5606038972453357346

1376 Xondolf the Skirmisher (level 8, -5/71 HPs)
             Began as a Minotaur Berserker on June 16, 2019.
             Was a Priest of Trog.
             Slain by an orc warrior
             ... wielding a +0 halberd
              (12 damage)
             ... on level 7 of the Dungeon.
             The game lasted 01:20:21 (6841 turns).

Xondolf the Skirmisher (Minotaur Berserker)         Turns: 6841, Time: 01:20:21

Health: -5/71      AC: 15    Str: 22    XL:     8   Next: 39%
Magic:  7/7        EV:  8    Int:  9    God:    Trog [***...]
Gold:   353        SH:  5    Dex: 14    Spells: 7/7 levels left

rFire    . . .     SeeInvis .   k - +1 flail (crush)
rCold    + . .     Gourm    .   e - +0 buckler
rNeg     . . .     Faith    .   o - +1 plate armour {rC+}
rPois    .         Spirit   .   (helmet restricted)
rElec    .         Reflect  .   (no cloak)
rCorr    +         Harm     .   d - +0 pair of gloves
MR       .....                  (no boots)
Stlth    ..........             (no amulet)
HPRegen  0.21/turn              b - ring of the Prince {Int+3 Dex+4}
MPRegen  0.10/turn              C - ring of resist corrosion

@: lethally poisoned (-5 -> -5)
A: retaliatory headbutt, horns 2
a: Berserk, Trog's Hand, Renounce Religion


You were on level 7 of the Dungeon.
You worshipped Trog.
Trog was most pleased with you.
You were not hungry.

You visited 1 branch of the dungeon, and saw 8 of its levels.

You collected 353 gold pieces.

Inventory:

Hand Weapons
 k - a +1 flail of crushing (weapon)
Missiles
 p - 46 poisoned darts (quivered)
Armour
 d - a +0 pair of gloves (worn)
 e - a +0 buckler (worn)
 o - a +1 plate armour of cold resistance (worn)
Jewellery
 b - the ring of the Prince (left hand) {Int+3 Dex+4}
   (You found it on level 4 of the Dungeon)

   [ring of dexterity]

   It affects your intelligence (+3).
   It affects your dexterity (+4).
 s - an uncursed ring of protection from cold
 C - a ring of resist corrosion (right hand)
 D - an uncursed ring of fire
Wands
 f - a wand of polymorph (10)
 u - a wand of paralysis (8)
 A - a wand of iceblast (12)
Scrolls
 a - 4 scrolls of teleportation
 g - a scroll of identify
 i - 3 scrolls of fog
 n - a scroll of torment {unknown}
 t - a scroll of magic mapping {unknown}
 v - a scroll of enchant weapon {unknown}
 x - 2 scrolls of enchant armour {unknown}
 y - 5 scrolls of remove curse
 z - a scroll of holy word {unknown}
Potions
 h - a potion of agility {unknown}
 j - a potion of might {unknown}
 l - 2 potions of magic
 m - 5 potions of curing
 q - 2 potions of heal wounds {unknown}
 r - 2 potions of flight {unknown}
 w - 2 potions of resistance
 B - a potion of haste {unknown}
Comestibles
 c - 11 rations
 E - a chunk of flesh


   Skills:
 + Level 6.7 Fighting
   Level 4.0 Long Blades
   Level 0.3(3.6) Axes
 + Level 5.9(6.0) Maces & Flails
 + Level 6.1 Armour
 - Level 4.0 Dodging
 + Level 5.3 Shields


You had 7 spell levels left.
You didn't know any spells.
Your spell library was empty.

Dungeon Overview and Level Annotations

Branches:
Dungeon (8/15)
 Temple: D:4-7         Lair: D:8-11

Altars:
Ashenzari
Dithmenos
Elyvilon
Fedhas
Kikubaaqudgha
Makhleb
Nemelex Xobeh
Wu Jian
Xom
Yredelemnul
The Shining One
Beogh

Annotations:
D:3 Sigmund
D:4 3 runed translucent doors, kumiokru's ghost, novice TrMo
D:5 Menkaure


Innate Abilities, Weirdness & Mutations

You reflexively headbutt those who attack you in melee.
You have a pair of horns on your head.


Message History

You hit the orc warrior but do no damage.
The orc warrior is severely wounded.
The orc warrior hits you with a +0 halberd!
* * * LOW HITPOINT WARNING * * *
Your plate armour prevents you from hitting the orc warrior.
You headbutt the orc warrior, but do no damage.
The orc warrior is severely wounded.
You feel sick.
The orc warrior hits you with a +0 halberd.
* * * LOW HITPOINT WARNING * * *
Your plate armour prevents you from hitting the orc warrior.
Your headbutt misses the orc warrior.
The orc warrior is severely wounded.
The orc warrior hits you with a +0 halberd.
* * * LOW HITPOINT WARNING * * *
You hit the orc warrior but do no damage.
The orc warrior is severely wounded.
You feel sick.
The orc warrior hits you with a +0 halberd!
You die...

......# #.......# ......##
#.......# ......# #.......#
#....# #.......######## #....#
#..............# #....#
#..............#
#....######.........^....#
#.........'..............#
#....######@.............#
####.#..#######o#####..<....##
+..._......KZK)K............>#
..##.#.##o###oK##.#####........#
...$......# #o.##............[.#
#W.....#..# #..########........#
#..?...#..# #/.# #........#
#.#.#..##.# #K.# ####'####...
..#.#...#.. #KK# #.......####


You could see an orc warrior and a kobold.

Vanquished Creatures
  Eustachio (D:6)
  A sky beast (D:6)
  A phantom (D:4)
  An ogre (D:5)
  A centaur (D:6)
  Blork the orc (D:4)
  2 bullfrogs (D:6)
  A scorpion (D:4)
  A bullfrog zombie (D:5)
  2 crimson imps
  2 orc wizards
  An orc priest (D:4)
  A bullfrog skeleton (D:6)
  2 hounds
  A centaur skeleton (D:4)
  2 iguanas
  A worker ant (D:7)
  Robin (D:3)
  3 gnolls (D:2)
  9 adders
  A howler monkey skeleton (D:7)
  A shadow imp (D:5)
  2 oozes
  An adder zombie (D:6)
  A worm (D:3)
  3 dart slugs
  2 leopard geckos
  11 orcs
  7 bats
  5 giant cockroaches
  18 goblins
  14 hobgoblins
  3 quokkas
  2 ball pythons
  10 frilled lizards
  8 kobolds
  A quokka skeleton (D:6)
  10 rats
135 creatures vanquished.

Notes
Turn   | Place    | Note
-------+----------+-------------------------------------------
     0 | D:1      | Xondolf the Minotaur Berserker began the quest for the Orb.
     0 | D:1      | Reached XP level 1. HP: 19/19 MP: 0/0
   160 | D:1      | Reached XP level 2. HP: 27/27 MP: 1/1
   767 | D:1      | Reached XP level 3. HP: 33/33 MP: 2/2
   879 | D:1      | Reached ** piety under Trog
  1247 | D:1      | Reached skill level 1 in Shields
  1559 | D:2      | Reached XP level 4. HP: 35/40 MP: 3/3
  2077 | D:2      | Found a shattered altar of Ashenzari.
  2245 | D:3      | Found a blossoming altar of Fedhas.
  2499 | D:3      | Found a glowing golden altar of the Shining One.
  2500 | D:3      | Noticed Sigmund
  2662 | D:3      | Reached XP level 5. HP: 47/47 MP: 4/4
  2759 | D:4      | Got a fine wooden ring
  2776 | D:4      | Identified the ring of the Prince {Int+3 Dex+4} (You found
                  | it on level 4 of the Dungeon)
  2872 | D:3      | Found an ancient bone altar of Kikubaaqudgha.
  3037 | D:3      | Reached *** piety under Trog
  3072 | D:3      | Noticed Robin
  3097 | D:3      | Killed Robin
  3271 | D:4      | Noticed Blork the orc
  3466 | D:4      | Killed Blork the orc
  3466 | D:4      | Reached XP level 6. HP: 44/53 MP: 5/5
  3597 | D:5      | Entered Level 5 of the Dungeon
  3697 | D:4      | Reached skill level 1 in Long Blades
  3699 | D:4      | Reached skill level 5 in Fighting
  3731 | D:4      | Found a runed translucent gate.
  3912 | D:4      | Noticed kumiokru's ghost (novice TrMo)
  3917 | D:4      | Found a runed translucent gate.
  3917 | D:4      | Found a runed translucent gate.
  3998 | D:4      | Reached XP level 7. HP: 61/61 MP: 6/6
  4266 | D:4      | Found a roughly hewn altar of Beogh.
  4543 | D:5      | Found a shimmering altar of Xom.
  4884 | D:5      | Noticed Menkaure
  4942 | D:6      | Reached skill level 5 in Armour
  5110 | D:6      | Reached skill level 5 in Maces & Flails
  5375 | D:5      | Found a burning altar of Makhleb.
  5681 | D:6      | Reached XP level 8. HP: 70/70 MP: 7/7
  5716 | D:6      | Noticed Eustachio
  6083 | D:6      | Killed Eustachio
  6334 | D:6      | Found a white marble altar of Elyvilon.
  6340 | D:6      | Found a sparkling altar of Nemelex Xobeh.
  6345 | D:6      | Found a shadowy altar of Dithmenos.
  6346 | D:6      | Found a basalt altar of Yredelemnul.
  6519 | D:6      | Reached skill level 5 in Shields
  6788 | D:7      | Found an ornate altar of the Wu Jian Council.
  6841 | D:7      | Slain by an orc warrior

Levels and vault maps discovered:
D:1:      dpeg_cavernosity, layout_basic, st_stairs_12, minmay_octomino_e4
D:2:      layout_loops_ring, evilmike_ruin_ashenzari, first_ration
D:3:      layout_loops_ring, lemuel_coloured_pillars_altar, old_standard_altar,
          lemuel_doored_altar, uniq_sigmund, uniq_robin
D:4:      layout_basic, biasface_ghost_orc_armoury, minivault_1,
          corexii_hall_statues_l, corexii_corridor_pit, uniq_blork_the_orc
D:5:      layout_loops_ring, xom_teletrap_fun, kennysheep_mini,
          minmay_liquid_box, minmay_misc_feat_ornament, uniq_menkaure
D:6:      layout_loops_ring, minitemple, uniq_eustachio
D:7:      layout_basic, lemuel_crystal_altar, minmay_temple_entry_glass,
          the_bakery, grunt_decor_mini_mirrors, grunt_decor_cap
D:8:      argonaut_augean_stables, layout_loops_ring

Skill      XL: |  1  2  3  4  5  6  7  8 |
---------------+-------------------------+-----
Fighting       | 4 5 6 |  6.7
Maces & Flails | 4 5 |  5.9
Armour         | 3 4 5 6 |  6.1
Shields        | 1 2 3 4 5 |  5.3
Dodging        | 3 4 |  4.0
Long Blades    | 2 4 |  4.0
Axes           | |  0.3

Action                   |  1- 3 |  4- 6 |  7- 9 || total
-------------------------+-------+-------+-------++-------
Melee: Mace              |   108 |    58 |       ||   166
       Headbutt          |    15 |    31 |    20 ||    66
       Flail             |       |    52 |    97 ||   149
       Long sword        |       |    35 |       ||    35
       Hand axe          |       |       |     3 ||     3
  Use: Scroll            |       |     5 |     2 ||     7
       Potion            |       |       |     1 ||     1
  Eat: Chunk             |     2 |     2 |     2 ||     6
       Ration            |       |     2 |     2 ||     4
Armor: Animal skin       |    15 |       |       ||    15
       Plate armour      |    39 |    98 |    38 ||   175
Dodge: Dodged            |    45 |    55 |    41 ||   141
Block: Large shield      |    54 |     1 |       ||    55
       Buckler           |       |    30 |    24 ||    54
       Rpst.: Long sword |       |     4 |       ||     4

Table legend:
 A = Non-vault XP
 B = Vault XP
 C = Vault XP percentage of total XP
 D = Non-vault monster count
 E = Vault monster count
 F = Vault count percentage of total count
                 A         B        C        D         E       F
            +---------+---------+-------+---------+---------+-------
      Total |    1619 |     347 |  17.7 |     111 |      24 |  17.8
            +---------+---------+-------+---------+---------+-------
        D:1 |      44 |      16 |  26.7 |      25 |       9 |  26.5
        D:2 |     133 |       0 |   0.0 |      25 |       0 |   0.0
        D:3 |      44 |      39 |  47.0 |      16 |      13 |  44.8
        D:4 |     422 |      96 |  18.5 |      15 |       1 |   6.2
        D:5 |     272 |       0 |   0.0 |       7 |       0 |   0.0
        D:6 |     613 |     196 |  24.2 |      17 |       1 |   5.6
        D:7 |      91 |       0 |   0.0 |       6 |       0 |   0.0
            +---------+---------+-------+---------+---------+-------
